 Dungeon Crawl Stone Soup version 0.25.1-2-g60ff931df9 (webtiles) character file.

Game seed: 8673954887939443587

1554 Eitelfritz the Cutter (level 8, -4/55 HPs)
             Began as an Octopode Gladiator on Aug 14, 2020.
             Was a Believer of Dithmenos.
             Slain by Pikel
             ... wielding a +1 whip of electrocution
              (9 damage)
             ... on level 6 of the Dungeon.
             The game lasted 00:13:56 (6921 turns).

Eitelfritz the Cutter (Octopode Gladiator)          Turns: 6921, Time: 00:13:57

Health: -4/55      AC:  2    Str: 13    XL:     8   Next: 88%
Magic:  8/8        EV: 16    Int: 11    God:    Dithmenos [**....]
Gold:   250        SH:  0    Dex: 15    Spells: 7/7 levels left

rFire    . . .     SeeInvis .   a - +1 rapier
rCold    . . .     Gourm    .   (no shield)
rNeg     . . .     Faith    .   b - +1 hat
rPois    .         Spirit   .   (no amulet)
rElec    .         Reflect  .   (no ring)
rCorr    .         Harm     .   (no ring)
MR       .....                  (no ring)
Stlth    ++++++....             (no ring)
HPRegen  0.18/turn              (no ring)
MPRegen  0.11/turn              (no ring)
                                (no ring)
                                (no ring)

@: wreathed by umbra
A: almost no armour, stealthy swim, amphibious, 8 rings, constrict 8, camouflage
1, gelatinous body 1
a: Shadow Step, Renounce Religion


You were on level 6 of the Dungeon.
You worshipped Dithmenos.
Dithmenos was pleased with you.
You were not hungry.

You visited 1 branch of the dungeon, and saw 6 of its levels.

You collected 250 gold pieces.

Inventory:

Hand Weapons
 a - a +1 rapier (weapon)
Missiles
 c - 4 throwing nets (quivered)
 s - 25 poisoned darts
 y - a boomerang
 B - 8 javelins
Armour
 b - a +1 hat (worn)
Wands
 e - a wand of iceblast (8)
 p - a wand of acid (8)
 q - a wand of clouds (3)
Scrolls
 f - 3 scrolls of fog
 g - a scroll of identify
 h - 4 scrolls of teleportation
 j - a scroll of enchant weapon
 o - 2 scrolls of amnesia
 t - 2 scrolls of blinking
 u - 2 scrolls of remove curse
Potions
 i - 2 potions of brilliance
 k - a potion of berserk rage
 l - a potion of stabbing
 m - 2 potions of haste
 n - a potion of curing
 r - a potion of ambrosia
 v - a potion of magic {unknown}
 w - 2 potions of lignification
 x - 4 potions of flight
 z - 2 potions of experience {unknown}
Comestibles
 d - 15 rations
 A - 2 chunks of flesh


   Skills:
 + Level 5.0 Fighting
 + Level 7.6 Short Blades
 + Level 2.6 Throwing
 + Level 4.8 Dodging
 + Level 7.1 Stealth
 * Level 1.3 Invocations


You had 7 spell levels left.
You didn't know any spells.
Your spell library was empty.

Dungeon Overview and Level Annotations

Branches:
Dungeon (6/15)
 Temple: D:4-7

Altars:
Dithmenos
Sif Muna

Annotations:
D:6 Pikel


Innate Abilities, Weirdness & Mutations

You cannot wear most types of armour.
You are very stealthy in the water. (Stealth+)
You are amphibious.
You can wear up to eight rings at the same time.
You can use your tentacles to constrict eight enemies at once.
Your skin changes colour to match your surroundings (Stealth+).
Your rubbery body absorbs attacks. (AC +1, EV +1)


Message History

Pikel is moderately wounded.
You constrict Pikel. The slave completely misses you. The slave hits you.
Pikel misses you. The hound zombie closely misses you.
You hit Pikel but do no damage. You squeeze Pikel!
Pikel is severely wounded.
You constrict Pikel.
The slave misses you. x2; The slave hits you.
The hound zombie bites you. The slave hits you!
You hit Pikel but do no damage.
Pikel is severely wounded.
You constrict Pikel. Pikel misses you. The slave hits you!
* * * LOW HITPOINT WARNING * * *
The hound zombie closely misses you. The slave hits you.
* * * LOW HITPOINT WARNING * * *
The slave hits you.
* * * LOW HITPOINT WARNING * * *
Unknown command.
You feel better.
You constrict Pikel. The slave hits you.
* * * LOW HITPOINT WARNING * * *
Pikel hits you with a +1 whip of electrocution!
You die...

.............#... #.....
.............#....
..#.....
#..#...#.....#..###..#.[..
#......#.....#..###..#.
.......#.....#.......#
....#.......p#.......#
....#.###....#.......#
....#........#.KpZ...#
.#.....#.....'.p@....#
.#.###.#.....#.pp##..#
.#.....#.....#...# #
....#........#.....
###.#.###....#.......
....#........#.......
.#..[..#.....#.......
.#.###.#.....#.......#
.#..(..#.....#


You could see Pikel, 4 slaves and a hound zombie.

Vanquished Creatures
  Edmund (D:4)
  An ice beast (D:6)
  2 phantoms
  A black bear (D:6)
  4 bullfrogs (D:6)
  3 scorpions
  2 crimson imps
  A centaur zombie (D:6)
  A bullfrog zombie (D:6)
  A bullfrog skeleton (D:4)
  A hound (D:5)
  3 orc wizards (D:5)
  Ijyb (D:5)
  Terence (D:2)
  An iguana (D:5)
  2 worker ants
  Natasha (thrice) (D:2)
  7 adders
  3 gnolls (D:6)
  An ooze (D:3)
  An adder skeleton (D:4)
  2 worms (D:5)
  2 dart slugs
  5 leopard geckos
  12 orcs
  8 giant cockroaches
  6 goblins
  11 hobgoblins
  12 jackals
  4 kobolds
  2 ball pythons
  6 bats
  4 frilled lizards
  A leopard gecko skeleton (D:4)
  3 rats
119 creatures vanquished.

Notes
Turn   | Place    | Note
-------+----------+-------------------------------------------
     0 | D:1      | Eitelfritz the Octopode Gladiator began the quest for the
                  | Orb.
     0 | D:1      | Reached XP level 1. HP: 14/14 MP: 1/1
   115 | D:1      | Reached XP level 2. HP: 19/19 MP: 2/2
   422 | D:1      | Reached XP level 3. HP: 23/24 MP: 3/3
   559 | D:1      | Reached skill level 1 in Stealth
  1037 | D:2      | Noticed Terence
  1047 | D:2      | Killed Terence
  1047 | D:2      | Reached XP level 4. HP: 3/29 MP: 4/4
  1387 | D:2      | Found a shadowy altar of Dithmenos.
  1413 | D:2      | Became a worshipper of Dithmenos the Shadowed
  1465 | D:2      | Noticed Natasha
  1474 | D:2      | Killed Natasha
  1939 | D:2      | Reached XP level 5. HP: 34/35 MP: 5/5
  2071 | D:2      | Noticed Natasha
  2091 | D:2      | Killed Natasha
  2122 | D:2      | Noticed Natasha
  2128 | D:2      | Killed Natasha
  3358 | D:4      | Noticed a phantom
  3381 | D:4      | Reached * piety under Dithmenos
  3381 | D:4      | Reached XP level 6. HP: 13/41 MP: 6/6
  3412 | D:4      | HP: 2/41 [phantom (5)]
  3413 | D:4      | Killed a phantom
  3413 | D:4      | Reached skill level 5 in Short Blades
  4190 | D:4      | Noticed Edmund
  4199 | D:5      | Entered Level 5 of the Dungeon
  4379 | D:5      | Reached XP level 7. HP: 46/46 MP: 7/7
  4448 | D:5      | Reached skill level 5 in Stealth
  5122 | D:5      | Noticed Ijyb
  5131 | D:5      | Killed Ijyb
  5566 | D:5      | Found a shimmering blue altar of Sif Muna.
  5731 | D:4      | Killed Edmund
  5731 | D:4      | Reached XP level 8. HP: 48/54 MP: 8/8
  6668 | D:6      | Reached ** piety under Dithmenos
  6810 | D:6      | Reached skill level 1 in Invocations
  6822 | D:6      | Reached skill level 5 in Fighting
  6889 | D:6      | Noticed Pikel
  6921 | D:6      | Slain by Pikel

Illustrated notes

Levels and vault maps discovered:
D:1:      roderic_dead_forest, layout_basic
D:2:      minmay_recursive_quarters, layout_rooms,
          nicolae_dithmenos_shadow_blocks, uniq_natasha, uniq_terence
D:3:      layout_basic
D:4:      layout_cave_pods, uniq_edmund
D:5:      layout_gridville, basic_altar, first_ration,
          minmay_fractal_squares_diagonal_5, uniq_ijyb
D:6:      hangedman_cross_stitches, layout_gridville, minmay_misc_feat_enclosed,
          minmay_a_box_with_orc_wizards_in_it, uniq_pikel

Skill      XL: |  1  2  3  4  5  6  7  8 |
---------------+-------------------------+-----
Stealth        | 2 3 4 6 7 |  7.1
Short Blades   | 4 5 6 7 |  7.6
Dodging        | 4 |  4.8
Fighting       | 3 4 5 |  5.0
Invocations    | 1 |  1.3
Throwing       | |  2.6

Action                   |  1- 3 |  4- 6 |  7- 9 || total
-------------------------+-------+-------+-------++-------
Melee: Rapier            |    54 |   114 |   132 ||   300
       Constrict         |    11 |    22 |    24 ||    57
       Tentacles         |    10 |    21 |    33 ||    64
Throw: Dart              |       |       |     3 ||     3
       Throwing net      |       |       |     3 ||     3
       Boomerang         |       |       |     2 ||     2
  Use: Scroll            |       |    11 |     7 ||    18
       Potion            |       |     2 |     1 ||     3
 Stab: Sleeping          |     9 |     9 |     9 ||    27
       Distracted        |     1 |     1 |     1 ||     3
  Eat: Chunk             |       |    10 |     9 ||    19
Armor: Skin              |     2 |     1 |     5 ||     8
Dodge: Dodged            |    37 |    66 |   117 ||   220
